 Dungeon Crawl Stone Soup version 0.29-a0-322-g68df515428 (webtiles) character file.

Game seed: 640677251406270899

25 HotDog the Skirmisher (level 3, 0/33 HPs)
             Began as a Hill Orc Fighter on Apr 7, 2022.
             Slain by an adder (2 damage)
             ... on level 4 of the Dungeon.
             The game lasted 00:01:05 (1273 turns).

HotDog the Skirmisher (Hill Orc Fighter)            Turns: 1273, Time: 00:01:07

Health: 0/33       AC:  2    Str: 20    XL:     3   Next: 6%
Magic:  3/3        EV:  9    Int:  8    God:
Gold:   92         SH:  4    Dex: 10    Spells: 2/2 levels left

rFire   . . .      SeeInvis .   a - +0 war axe
rCold   . . .      Faith    .   c - +0 buckler
rNeg    . . .      Spirit   .   b - +0 scale mail
rPois   .          Reflect  .   (no helmet)
rElec   .          Harm     .   (no cloak)
rCorr   +          Rampage  .   (no gloves)
Will    .....                   (no boots)
Stlth   ..........              (no amulet)
HPRegen 0.11/turn               h - ring of resist corrosion
MPRegen 0.08/turn               (no ring)

@: lethally poisoned (0 -> -3), corroded
A: no striking features
a: no special abilities


You were on level 4 of the Dungeon.
You visited 1 branch of the dungeon, and saw 4 of its levels.

You collected 92 gold pieces.

Inventory:

Hand Weapons
 a - a +0 war axe (weapon)
Armour
 b - a +0 scale mail (worn)
 c - a +0 buckler (worn)
Jewellery
 h - a ring of resist corrosion (left hand)
Scrolls
 g - a scroll of enchant armour
 o - 2 scrolls of noise
 p - a scroll of fog {unknown}
 q - a scroll of torment {unknown}
Potions
 d - a potion of might
 e - a potion of degeneration
 i - a potion of haste {unknown}
 k - 2 potions of brilliance {unknown}
 m - a potion of curing {unknown}
 n - 3 potions of heal wounds {unknown}


   Skills:
 * Level 3.8 Fighting
 * Level 3.2 Axes
 * Level 3.6 Armour
 * Level 0.4 Dodging
 * Level 3.6 Shields
 * Level 0.5 Invocations


You had 2 spell levels left.
You didn't know any spells.
Your spell library was empty.

Dungeon Overview and Level Annotations

Branches:
Dungeon (4/15)
 Temple: D:4-7

Altars:

Shops:
D:1 [


Message History

Okay, then.
As you read the scroll labelled ZUGRIWK HUYCUI, it crumbles to dust.
You hear a loud clanging noise!
It was a scroll of noise.
Your surroundings suddenly seem different.
A jelly and an adder come into view.
The jelly quivers.
The adder hisses angrily.
The jelly attacks as you move away! The jelly hits you but does no damage.
Found 18 stones.
The jelly attacks as you move away! The jelly closely misses you.
You closely miss the adder. You slash the jelly!
Your hands burn!
The adder bites you. The jelly barely misses you.
The adder bites you but does no damage.
You hit the jelly.
Your hands burn!
The jelly is heavily wounded.
You closely miss the adder. The adder barely misses you.
The jelly hits you but does no damage. The adder barely misses you.
You hit the jelly but do no damage.
Your hands burn!
The jelly is heavily wounded.
You barely miss the adder. The jelly barely misses you.
The adder bites you but does no damage. The jelly barely misses you.
You hit the adder.
The adder is lightly wounded.
You hit the jelly. The acid corrodes you!
Your hands burn!
The adder bites you.
You are poisoned.
The adder poisons you! You block the adder's attack. The jelly hits you.
You are splashed with acid.
You resist.
You hit the jelly.
Your hands burn!
The jelly is severely wounded.
You hit the adder but do no damage.
You feel sick. The adder bites you. The jelly closely misses you.
The adder bites you.
You barely miss the adder. You hit the jelly but do no damage.
Your hands burn!
* * * LOW HITPOINT WARNING * * *
You feel sick. The jelly hits you.
* * * LOW HITPOINT WARNING * * *
You are splashed with acid.
You resist.
* * * LOW HITPOINT WARNING * * *
The adder bites you.
You die...

*** *,*******,,** *,* *
,,****,*** *,..## *,* *
*,,,,,,,,* *,...# *,* *
******,*,* *,...###*,*** *
*,*,*****,#....,,,,,*
**,*,**,,,,....*****,* *
*****,,,,,,>,,,#..#* *,* *
*,,,,,,*,,,,**,#..# *,**# *
*,****,****,**,#@.# *,,.#** * *,*
*,* *,**,#SJ# *,..,,* * *,**
*,****,**,#..######.#**,****
,*,***,,,,,*,,,#.........# *,,,**
***,*******,***#......##.#**,*,**
* **,,,,,,,,* #..............*,*
***,****,**** #.....#.##.#.##*,*
,*,** *,* #....##.#*,#,* *,* *,**
*,*****#...###.#*,*,* *,**


You could see a jelly and an adder.

Vanquished Creatures
  2 endoplasms
  2 giant cockroaches (D:1)
  A goblin (D:3)
  4 hobgoblins
  A jackal (D:3)
  2 kobolds
  2 ball pythons
  4 bats (D:1)
  4 frilled lizards (D:1)
  2 rats
24 creatures vanquished.

Notes
Turn   | Place    | Note
-------+----------+-------------------------------------------
     0 | D:1      | HotDog the Hill Orc Fighter began the quest for the Orb.
     0 | D:1      | Reached XP level 1. HP: 19/19 MP: 1/1
   213 | D:1      | Reached XP level 2. HP: 26/27 MP: 2/2
   531 | D:1      | Found Jito's Antique Armour Shop.
   668 | D:2      | You fall into a shaft and drop 1 floor!
   732 | D:3      | Reached XP level 3. HP: 30/33 MP: 3/3
  1273 | D:4      | Slain by an adder

Illustrated notes

Levels and vault maps discovered:
D:1:      amcnicky_arrival_blooded_trapdoor, layout_rooms, serial_shops,
          nicolae_shop_advertising_works [nicolae_subvault_shop_adworks]
D:2:      layout_loops_ring, uniq_robin
D:3:      layout_loops_ring, xom_teletrap_fun, grunt_ministairs_12,
          minmay_between, uniq_jessica, uniq_sigmund, uniq_crazy_yiuf_cottage
D:4:      layout_loops_ring, nicolae_ru_great_annihilating_truth, uniq_edmund,
          uniq_ijyb, uniq_eustachio

Skill      XL: |  1  2 |
---------------+-------+-----
Axes           | 3 |  3.2
Fighting       | |  3.8
Armour         | |  3.6
Dodging        | |  0.4
Shields        | |  3.6
Invocations    | |  0.5

Action                   || total
-------------------------++-------
Melee: War axe           ||    70
  Use: Scroll            ||     5
Armor: Scale mail        ||    37
Dodge: Dodged            ||    43
Block: Buckler           ||    16

Table legend: (Time is in decaauts)
 A = Elapsed time spent in this place.
 B = Non-inter-level travel time spent in this place.
 C = Inter-level travel time spent in this place.
 D = Time resting spent in this place.
 E = Time spent auto-exploring this place.
 F = Levels seen in this place.
 G = Mean time per level.
                   A        B        C        D        E       F      G
               +--------+--------+--------+--------+--------+-----+--------+
         Total |   1297 |   1272 |     25 |    446 |    639 |   4 |  324.2 |
       Dungeon |   1297 |   1272 |     25 |    446 |    639 |   4 |  324.2 |
               +--------+--------+--------+--------+--------+-----+--------+

Top non-repeatable levels by time:
     D:1: 685 daAuts
     D:3: 593 daAuts
     D:4: 18 daAuts
